 Dungeon Crawl Stone Soup version 0.31.0-32-g396128a36d (webtiles) character file.

Game seed: 11039733150938328581

194 Peloso the Covered (level 5, -2/47 HPs)
             Began as a Minotaur Fighter on Apr 10, 2024.
             Slain by Eustachio
             ... wielding a +0 rapier
              (6 damage)
             ... on level 4 of the Dungeon.
             The game lasted 00:06:18 (2439 turns).

Peloso the Covered (Minotaur Fighter)               Turns: 2439, Time: 00:06:19

Health: -2/47      AC: 11    Str: 21    XL:     5   Next: 44%
Magic:  4/4        EV:  8    Int:  5    God:
Gold:   164        SH:  4    Dex: 11    Spells: 4/4 levels left

rFire   . . .        a - +0 long sword
rCold   . . .        d - +0 buckler
rNeg    . . .        h - +0 chain mail
rPois   .            (helmet restricted)
rElec   .            (no cloak)
rCorr   .            c - +1 pair of gloves
SInv    .            (no boots)
Will    .....        (no amulet) Stlth
                     (no ring)
HPRegen 0.27/turn    (no ring)
MPRegen 0.09/turn

%: no passive effects
@: no status effects
A: horns 2, retaliatory headbutt
a: no special abilities


You were on level 4 of the Dungeon.
You visited 1 branch of the dungeon, and saw 4 of its levels.

You collected 164 gold pieces.

Inventory:

Hand Weapons
 a - a +0 long sword (weapon)
Armour
 b - a +1 scale mail
 c - a +1 pair of gloves (worn)
 d - a +0 buckler (worn)
 h - a +0 chain mail (worn)
Jewellery
 e - a ring of see invisible
Scrolls
 i - a scroll of enchant armour
 k - 2 scrolls of teleportation
 m - a scroll of butterflies
 n - a scroll of blinking {unknown}
Potions
 f - a potion of might
 g - 2 potions of enlightenment
 j - 2 potions of attraction
 p - a potion of brilliance {unknown}


   Skills:
 + Level 4.6 Fighting
 + Level 4.6 Long Blades
 + Level 4.8 Armour
 + Level 1.1 Dodging
 + Level 0.3 Stealth
 + Level 4.2 Shields


You had 4 spell levels left.
You didn't know any spells.
Your spell library contained the following spells:

 Spells                   Type           Power      Damage    Failure   Level
 Call Canine Familiar     Summ           0%         N/A       100%        3
 Sigil of Binding         Hex            0%         N/A       100%        3
 Dimensional Bullseye     Hex/Tloc       0%         N/A       100%        4


Dungeon Overview and Level Annotations

Branches:
Dungeon (4/15)
 Temple: D:4-7

Altars:
Ashenzari
Cheibriados
Gozag
Xom

Annotations:
D:4 Eustachio


Innate Abilities, Weirdness & Mutations

You have a pair of horns on your head.
You reflexively headbutt those who attack you in melee.


Message History

The puff of frost hits you.
* * * LOW HITPOINT WARNING * * *
The river rat attacks as it pursues you!
The river rat bites you but does no damage.
You closely miss the river rat.
The river rat is lightly wounded.
Eustachio casts a spell.
The river rat bites you!
* * * LOW HITPOINT WARNING * * *
You feel better.
The white imp disappears in a puff of smoke!
The river rat completely misses you. You furiously retaliate!
You headbutt the river rat.
Unknown command.
You hit the river rat.
The river rat is heavily wounded.
The river rat bites you.
* * * LOW HITPOINT WARNING * * *
Unknown command.
You hit the river rat.
The river rat is almost dead.
The quokka twitches its whiskers.
The river rat bites you.
* * * LOW HITPOINT WARNING * * *
The crimson imp blinks!
Unknown command.
You aren't carrying any items that you can evoke.
You slash the river rat!
You kill the river rat!
The river rat's corpse disappears in a puff of smoke!
Unknown command.
You hit Eustachio.
Eustachio is almost dead.
Eustachio hits you but does no damage. x2
Unknown command.
You hit Eustachio but do no damage.
Eustachio is almost dead.
Eustachio hits you with a +0 rapier.
You die...
Eustachio twirls his moustache.

#### ..# ... #.#
#.# #@# ##@##
#55r# #.5.# #...#
# #...#####.#
######.........#
##..............#
............r...##


You could see Eustachio, an iron imp (summoned), a quasit (summoned), a crimson
imp (summoned) and a quokka (summoned).

Vanquished Creatures
  A scorpion (D:3)
  A hound (D:4)
  Robin (D:2)
  6 dart slugs
  A ribbon worm (D:2)
  An orc (D:3)
  6 ball pythons
  3 bats
  9 endoplasms
  2 giant cockroaches
  13 goblins
  6 hobgoblins
  2 jackals (D:3)
  2 quokkas (D:3)
  5 frilled lizards
  6 kobolds
  8 rats
73 creatures vanquished.

Notes
Turn   | Place    | Note
-------+----------+-------------------------------------------
     0 | D:1      | Peloso the Minotaur Fighter began the quest for the Orb.
     0 | D:1      | Reached XP level 1. HP: 19/19 MP: 0/0
   132 | D:1      | Reached XP level 2. HP: 24/27 MP: 1/1
   887 | D:2      | Reached XP level 3. HP: 31/33 MP: 2/2
   909 | D:2      | Identified the +2 leather armour "Umnashe" {rPois}
   945 | D:2      | Noticed Robin
  1000 | D:2      | Killed Robin
  1160 | D:2      | Reached XP level 4. HP: 41/41 MP: 3/3
  1703 | D:3      | Found a shimmering altar of Xom.
  1728 | D:3      | Found a broken altar of Ashenzari.
  1738 | D:3      | Found a snail-covered altar of Cheibriados.
  1859 | D:3      | Found an opulent altar of Gozag.
  1984 | D:3      | Noticed a scorpion
  1992 | D:3      | Killed a scorpion
  1993 | D:3      | Reached skill level 1 in Dodging
  1993 | D:3      | Reached XP level 5. HP: 27/47 MP: 4/4
  2389 | D:4      | Noticed Eustachio
  2433 | D:4      | HP: 2/47 [river rat[Eustachio] (7)]
  2439 | D:4      | Slain by Eustachio

Illustrated notes

Levels and vault maps discovered:
D:1:      ncdulo_lavacross, layout_basic
D:2:      layout_basic, uniq_robin
D:3:      layout_basic, nicolae_overflow_quartered_altars
D:4:      layout_loops_cross, temple_hall, cheibrodos_sewer_entry_bend,
          uniq_duvessa, uniq_eustachio, uniq_natasha

Skill      XL: |  1  2  3  4 |
---------------+-------------+-----
Fighting       | 4 |  4.6
Shields        | 4 |  4.2
Armour         | 4 |  4.8
Long Blades    | 3 4 |  4.6
Dodging        | 1 |  1.1
Stealth        | |  0.3

Action                     |  1- 3 |  4- 6 || total
---------------------------+-------+-------++-------
  Melee: Long sword        |    81 |    88 ||   169
         Headbutt          |    15 |    12 ||    27
    Use: Potion            |     4 |     1 ||     5
         Scroll            |     2 |     5 ||     7
 Armour: Scale mail        |    63 |    14 ||    77
         Chain mail        |       |    66 ||    66
  Dodge: Dodged            |    36 |    31 ||    67
  Block: Buckler           |    12 |    24 ||    36
